AoeStats
← SC_Dead Rabbit "The original"

Arena

509244841Analyzed
1v1 RM · 7d ago on Sep 26, 2026· 31m 13s· 2 players
Game mode
Random Map
Map size
Tiny (2 player)
Population
200
Speed
Normal
Resources
Standard
Victory
Conquest
Starting age
Dark Age
Ending age
Imperial Age
RankedLock teamsTeams togetherTeam positionsShared explorationLock speedFull tech treeHidden civsTurbo modeCheats
Victory
Defeat
874
+17
🇨🇴 Teutons · Colombia
887
-17
SC_Dead Rabbit "The original"
10:55 Feudal Age
14:58 Castle Age
13:46 Double-Bit Axe
16:56 Gold Mining
17:41 Bow Saw
17:36 Loom
18:28 Horse Collar
19:29 Wheelbarrow
20:18 Fletching
23:39 Forging
27:40 Gold Shaft Mining
27:13 Scale Mail Armor
27:34 Gambesons
27:35 Arson
28:29 Iron Casting
candres11.cruz
3:54 Loom
10:46 Feudal Age
11:38 Double-Bit Axe
17:21 Castle Age
15:47 Horse Collar
18:09 Gold Mining
18:21 Fletching
29:24 Forging
29:14 Scale Mail Armor
31:46 Iron Casting
Connection lost

Rejoining the realm…

Still unreachable

The connection could not be restored.

Session expired

The server has moved on; the page needs a fresh start.